 Dungeon Crawl Stone Soup version 0.31-a0-236-g9a0961fb85 (webtiles) character file.

Game seed: 7116718987678459401

84 qw the Shooter (level 4, -2/26 HPs)
             Began as a Gargoyle Hexslinger on July 10, 2023.
             Slain by a gnoll
             ... wielding a +0 halberd
              (5 damage)
             ... on level 3 of the Dungeon.
             The game lasted 00:00:40 (2082 turns).

qw the Shooter (Gargoyle Hexslinger)                Turns: 2082, Time: 00:00:41

Health: -2/26      AC: 10    Str: 11    XL:     4   Next: 46%
Magic:  5/5        EV: 10    Int: 14    God:
Gold:   97         SH:  0    Dex: 14    Spells: 4/5 levels left

rFire   + . .        Y - +4 sling
rCold   . . .        (no shield)
rNeg    + . .        k - +0 ring mail
rPois   inf          e - +0 helmet
rElec   +            (no cloak)
rCorr   .            g - +0 pair of gloves
SInv    .            (no boots)
Will    .....        (no amulet)
Stlth   +            f - ring of protection from fire
HPRegen 0.24/turn    (no ring)
MPRegen 0.09/turn

%: no passive effects
@: no status effects
A: sickness immunity, AC +3, negative energy resistance 1, electricity
resistance, torment resistance 1, petrification resistance
a: no special abilities


You were on level 3 of the Dungeon.
You visited 1 branch of the dungeon, and saw 3 of its levels.

You collected 97 gold pieces.


Innate Abilities, Weirdness & Mutations

You are immune to sickness and miasma.
Your stone body is resilient. (AC +3)
You are immune to poison.
You resist negative energy. (rN+)
You are resistant to electric shocks. (rElec)
You are resistant to unholy torment.
You are immune to petrification.


   Skills:
 - Level 2.0 Fighting
 + Level 4.1 Ranged Weapons
 - Level 1.0 Armour
 - Level 1.5 Dodging
 - Level 1.0 Spellcasting
 - Level 2.6 Hexes


You had 4 spell levels left.
You knew the following spells:

 Your Spells              Type           Power      Damage    Failure   Level
a - Slow                  Hex            32%        N/A       21%         1

Your spell library contained the following spells:

 Spells                   Type           Power      Damage    Failure   Level
 Inner Flame              Hex/Fire       4%         N/A       71%         3
 Portal Projectile        Hex/Tloc       8%         N/A       71%         3
 Cause Fear               Hex            4%         N/A       90%         4

Inventory:

Hand Weapons
 Y - a +4 sling (weapon)
Armour
 e - a +0 helmet (worn)
 g - a +0 pair of gloves (worn)
 k - a +0 ring mail (worn)
Jewellery
 f - a ring of protection from fire (left hand)
Scrolls
 c - a scroll of identify
Potions
 d - a potion of mutation {unknown}
 h - a potion of might {unknown}

Dungeon Overview and Level Annotations

Branches:
Dungeon (3/15)

Altars:
Trog

Annotations:
D:2 1 runed translucent door, Crazy Yiuf


Message History

Your Ranged Weapons skill increases to level 4!
A gnoll comes into view. It is wielding a +0 halberd.
The gnoll shouts!
You hear a shout!
A gnoll comes into view. It is wielding a +0 club.
You see here a +0 club.
Enter note: You shoot a sling bullet.
The sling bullet hits the gnoll!
The gnoll is severely wounded.
You shoot a sling bullet.
The sling bullet barely misses the gnoll.
The gnoll barely misses you.
You shoot a sling bullet. The sling bullet hits the gnoll.
The gnoll is almost dead.
The gnoll barely misses you.
You shoot a sling bullet.
The sling bullet barely misses the gnoll.
The sling bullet hits the gnoll but does no damage.
The gnoll is almost dead.
The gnoll barely misses you. The gnoll hits you with a +0 club.
You shoot a sling bullet.
The sling bullet closely misses the gnoll.
The sling bullet barely misses the gnoll.
The gnoll barely misses you. The gnoll hits you but does no damage.
The gnoll barely misses you. The gnoll hits you but does no damage.
You shoot a sling bullet. The sling bullet hits the gnoll.
The gnoll is moderately wounded.
The gnoll barely misses you. The gnoll hits you with a +0 club!
You shoot a sling bullet.
The sling bullet barely misses the gnoll.
The sling bullet closely misses the gnoll.
The gnoll hits you from afar with a +0 halberd!
The gnoll hits you with a +0 club.
You shoot a sling bullet. The sling bullet hits the gnoll.
The gnoll is moderately wounded.
The gnoll closely misses you. The gnoll hits you with a +0 club.
The gnoll hits you but does no damage. x2
You shoot a sling bullet. The sling bullet hits the gnoll!
You kill the gnoll!
The gnoll hits you from afar with a +0 halberd.
You die...

...........#
...........#
...........# .
.......)...# ..
...........# ...
...........+ ....
...........# .....
...........##......
#.......#..@)g.....
........#####.....#
........%...# ....#
.....###.##.# ...#
..... #.#..# ..#
...# ..#..# .# ###.
#.###.## # #..
#......+ #.#
#####.##


You could see a gnoll.

Vanquished Creatures
  3 gnolls (D:3)
  2 worms (D:2)
  4 dart slugs
  A ball python (D:1)
  4 endoplasms
  4 giant cockroaches
  7 goblins
  4 hobgoblins
  3 jackals (D:2)
  5 quokkas
  4 bats
  2 frilled lizards
  A kobold (D:1)
  2 rats (D:2)
46 creatures vanquished.

Notes
Turn   | Place    | Note
-------+----------+-------------------------------------------
     0 | D:1      | qw the Gargoyle Hexslinger began the quest for the Orb.
     0 | D:1      | Reached XP level 1. HP: 12/12 MP: 2/2
     0 | D:1      | 0 ||| qw: Version: 0.3-a-52-g30416fa
     0 | D:1      | 0 ||| qw: Game counter: 4660
     0 | D:1      | 0 ||| qw: Melee chars always use a shield: true
     0 | D:1      | 0 ||| qw: God list: Okawaru
     0 | D:1      | 0 ||| qw: Allow faded altars: false
     0 | D:1      | 0 ||| qw: Do Orc after clearing Dungeon:15 true
     0 | D:1      | 0 ||| qw: Do second Lair branch before Depths: true
     0 | D:1      | 0 ||| qw: Lair rune preference: random
     0 | D:1      | 0 ||| qw: Goals: Normal
     0 | D:1      | 0 ||| PLANNING D:1-11
   101 | D:1      | Reached XP level 2. HP: 16/16 MP: 3/3
   249 | D:1      | Reached skill level 3 in Ranged Weapons
   535 | D:1      | Reached XP level 3. HP: 21/21 MP: 4/4
   809 | D:1      | 809 ||| UPGRADING to +0 helmet.
   814 | D:1      | 814 ||| UPGRADING to +0 leather armour.
   824 | D:1      | 824 ||| DROPPING +0 robe.
   825 | D:1      | 825 ||| UPGRADING to +0 ring mail.
   835 | D:1      | 835 ||| DROPPING +0 leather armour.
   836 | D:1      | 836 ||| UPGRADING to ring of protection from fire.
   837 | D:1      | 837 ||| READING scroll labelled XEIRAOZ UGGELI.
   838 | D:1      | 838 ||| READING scroll labelled WUEDUL VOREGO.
   839 | D:1      | 839 ||| READING scroll labelled EMUEMU EZIYHOHOCUSK.
   840 | D:1      | 840 ||| READING scroll labelled ZOLELY RAWUI.
   841 | D:1      | 841 ||| DROPPING scroll of poison.
   999 | D:2      | 999 ||| READING scroll of enchant weapon.
   999 | D:2      | 999 ||| ENCHANTING +2 sling.
  1038 | D:2      | Reached skill level 1 in Armour
  1115 | D:2      | Found a bloodstained altar of Trog.
  1150 | D:2      | 1150 ||| READING scroll of enchant weapon.
  1150 | D:2      | 1150 ||| ENCHANTING +3 sling.
  1210 | D:2      | Found a runed translucent door.
  1211 | D:2      | Noticed Crazy Yiuf
  1675 | D:2      | Reached XP level 4. HP: 26/26 MP: 5/5
  1898 | D:2      | 1898 ||| UPGRADING to +0 pair of gloves.
  1903 | D:2      | 1903 ||| READING scroll labelled UXZEOLA DYUC.
  1904 | D:2      | 1904 ||| READING scroll labelled EBRUBI PIRRAO.
  1905 | D:2      | 1905 ||| READING scroll labelled FOFASA DURU.
  2073 | D:3      | Reached skill level 4 in Ranged Weapons
  2080 | D:3      | HP: 5/26 [gnoll/+0 club (4)]
  2082 | D:3      | Slain by a gnoll

Levels and vault maps discovered:
D:1:      moated_graveyard_arrival, layout_loops_ring, roderic_lattice_a
D:2:      layout_basic, basic_altar, uniq_crazy_yiuf_cottage
D:3:      layout_basic

Skill      XL: |  1  2  3  4 |
---------------+-------------+-----
Ranged Weapons | 3 4 |  4.1
Fighting       | 2 |  2.0
Armour         | 1 |  1.0
Dodging        | |  1.5
Spellcasting   | |  1.0
Hexes          | |  2.6

Action                     |  1- 3 |  4- 6 || total
---------------------------+-------+-------++-------
   Fire: Sling             |   115 |    27 ||   142
    Use: Scroll            |     6 |     3 ||     9
 Armour: Robe              |     4 |       ||     4
         Ring mail         |     6 |    11 ||    17
  Dodge: Dodged            |    29 |     9 ||    38

Table legend:
 A = Non-vault XP
 B = Vault XP
 C = Vault XP percentage of total XP
 D = Non-vault monster count
 E = Vault monster count
 F = Vault count percentage of total count
                 A         B        C        D         E       F
            +---------+---------+-------+---------+---------+-------
      Total |     135 |       0 |   0.0 |      46 |       0 |   0.0
            +---------+---------+-------+---------+---------+-------
        D:1 |      38 |       0 |   0.0 |      19 |       0 |   0.0
        D:2 |      50 |       0 |   0.0 |      22 |       0 |   0.0
        D:3 |      47 |       0 |   0.0 |       5 |       0 |   0.0
            +---------+---------+-------+---------+---------+-------
